Selects Airborne Battlegroup
Construct Weapon Support Center
Selects Paratrooper Squad Paradrop
Paratrooper Squad Paradrop
Mechanized Support Center
M16 Multiple Gun Motor Carriage
Construct Medical Station
Paratrooper Squad Paradrop
M16 Multiple Gun Motor Carriage
Selects Smoke Bombing Run
Selects Paradrop Reinforcements
Selects Dual P-47 Rocket Strike
Selects Smoke Bombing Run
Selects Paradrop Reinforcements
Selects Carpet Bombing Run